 Dungeon Crawl Stone Soup version 0.30.1-9-gdf580d7c3d (webtiles) character file.

Game seed: 7834183843644865723

249 lonewolfV2 the Firebug (level 5, -2/52 HPs)
             Began as a Demonspawn Fire Elementalist on Oct 24, 2023.
             Killed from afar by an orc wizard (5 damage)
             ... with a magic dart
             ... on level 5 of the Dungeon.
             The game lasted 00:07:38 (3944 turns).

lonewolfV2 the Firebug (DsFE)                       Turns: 3944, Time: 00:07:38

Health: -2/52      AC: 22    Str:  8    XL:     5   Next: 87%
Magic:  10/10      EV:  2    Int: 18    God:
Gold:   851        SH:  0    Dex: 14    Spells: 8/11 levels left

rFire   . . .        (no weapon)
rCold   + . .        (no shield)
rNeg    . . .        a - melded +0 robe
rPois   +            (helmet currently unavailable)
rElec   .            (cloak currently unavailable)
rCorr   .            (gloves currently unavailable)
SInv    .            e - melded +0 pair of boots
Will    .....        h - amulet of faith
Stlth   ++           l - ring of protection from cold
HPRegen 0.28/turn    (no ring)
MPRegen 0.24/turn

%: faith
@: mighty, tree-form (expiring)
A: stationary, stasis, torment immunity, boosted hp, demonic guardian 1, magic
regeneration, (weakness stinger 1)
a: no special abilities


You were on level 5 of the Dungeon.
You were a tree.
You visited 1 branch of the dungeon, and saw 4 of its levels.

You collected 851 gold pieces.

Inventory:

Armour
 a - a +0 robe (melded)
 e - a +0 pair of boots (melded)
Jewellery
 f - an amulet of regeneration
 h - an amulet of faith (around neck)
 l - a ring of protection from cold (left branch)
Scrolls
 g - a scroll of vulnerability {unknown}
 j - 2 scrolls of identify
 k - a scroll of silence {unknown}
Potions
 b - a potion of magic
 c - a potion of might
 i - a potion of lignification


   Skills:
 - Level 1.7 Dodging
 - Level 1.7 Stealth
 * Level 3.9 Spellcasting
 + Level 2.7 Conjurations
 * Level 4.2 Fire Magic


You had 8 spell levels left.
You knew the following spells:

 Your Spells              Type           Power      Damage    Failure   Level
a - Foxfire               Conj/Fire      64%        2x1d7     3%          1
b - Scorch                Fire           36%        2d7       3%          2

Your spell library contained the following spells:

 Spells                   Type           Power      Damage    Failure   Level
 Inner Flame              Hex/Fire       11%        N/A       19%         3
 Volatile Blastmotes      Fire/Tloc      22%        2d11      19%         3
 Flame Wave               Conj/Fire      16%        2d7       34%         4


Dungeon Overview and Level Annotations

Branches:
Dungeon (3/15)

Altars:


Innate Abilities, Weirdness & Mutations

You are a tree.
Your roots penetrate the ground, keeping you stationary.
You cannot be teleported.
You are immune to unholy pain and torment.
Your maximum health is greatly increased.
Your equipment is partially melded.
A weak demonic guardian rushes to your aid.
You regenerate magic rapidly.
((You have a small tail.))


Message History

Your shadow imp hits the orc but does no damage.
The orc hits you but does no damage.
The orc hits your shadow imp but does no damage.
Something hits you but does no damage.
You feel less confused. The orc hits you but does no damage.
Your shadow imp gestures at the orc.
The orc barely resists.
The orc hits you but does no damage. The orc closely misses your shadow imp.
The orc hits you but does no damage. Something hits you but does no damage.
The orc hits you but does no damage.
Your shadow imp hits the orc.
The orc dies!
The orc hits you but does no damage.
You hear some strange, mumbled words.
A magic dart appears from out of thin air!
The magic dart hits you.
* * * LOW HITPOINT WARNING * * *
Your transformation is almost over.
An orc wizard appears from thin air!
Reactivating autopickup.
The orc hits you but does no damage.
The orc wizard hits you but does no damage.
The orc barely misses you. The orc hits you but does no damage.
The orc closely misses your shadow imp. The orc hits you but does no damage.
Your shadow imp hits the orc.
The orc wizard hits you but does no damage.
The orc hits you but does no damage. The orc misses your shadow imp.
The orc hits you with a +0 short sword.
* * * LOW HITPOINT WARNING * * *
Your shadow imp misses the orc.
The orc wizard hits you but does no damage.
The orc hits you but does no damage. The orc closely misses your shadow imp.
The orc hits you but does no damage.
Your shadow imp hits the orc.
The orc dies!
The orc wizard hits you but does no damage.
The orc wizard hits you but does no damage.
The orc hits you but does no damage. The orc wizard casts a spell at you.
The magic dart hits you.
You die...

............##.....
..#............... #
#...........# #.####..
............####......
##..................#
##.............#.....
#...######......#
.......>.......oo#
...............5♣#
....######.....).#
###.. #........## # #
...#......# #
.##........
...........
#.#.........
..5.........


You could see an orc wizard (ally target), an orc, an ufetubus and a friendly
shadow imp (summoned).

Vanquished Creatures
  An ogre (D:3)
  A hound (D:5)
  An orc wizard (D:3)
  3 adders
  An ufetubus (D:5)
  A dart slug (D:1)
  3 orcs (D:3)
  4 ball pythons
  6 endoplasms
  3 giant cockroaches
  2 goblins
  3 hobgoblins
  4 jackals (D:2)
  A quokka (D:1)
  8 bats
  2 frilled lizards (D:1)
  8 kobolds
  5 rats
57 creatures vanquished.

Vanquished Creatures (collateral kills)
  3 orcs (D:5)
  A quokka (D:3)
4 creatures vanquished.

Vanquished Creatures (others)
  An orc wizard (D:3)
  145 foxfires
146 creatures vanquished.

Grand Total: 207 creatures vanquished

Notes
Turn   | Place    | Note
-------+----------+-------------------------------------------
     0 | D:1      | lonewolfV2 the Demonspawn Fire Elementalist began the quest
                  | for the Orb.
     0 | D:1      | Reached XP level 1. HP: 13/13 MP: 3/3
   475 | D:1      | Gained mutation: You have a small tail. [demonic ancestry]
   475 | D:1      | Reached XP level 2. HP: 13/19 MP: 0/5
   541 | D:1      | Learned a level 2 spell: Scorch
   789 | D:1      | Reached skill level 3 in Fire Magic
  1042 | D:1      | Reached XP level 3. HP: 24/24 MP: 0/6
  2165 | D:2      | Gained mutation: A weak demonic guardian rushes to your
                  | aid. [demonic ancestry]
  2165 | D:2      | Reached XP level 4. HP: 26/30 MP: 2/8
  2504 | D:2      | Identified a scroll of acquirement
  2504 | D:2      | Acquired 748 gold pieces
  3095 | D:3      | Noticed an ogre
  3105 | D:3      | Killed an ogre
  3106 | D:3      | Reached skill level 4 in Fire Magic
  3106 | D:3      | Gained mutation: You regenerate magic rapidly. [demonic
                  | ancestry]
  3106 | D:3      | Reached XP level 5. HP: 35/35 MP: 3/10
  3856 | D:3      | You fall into a shaft and drop 2 floors!
  3856 | D:5      | Entered Level 5 of the Dungeon
  3936 | D:5      | HP: 2/52 [orc/+0 hand axe (4)]
  3941 | D:5      | HP: 2/52 [orc/+0 short sword (1)]
  3944 | D:5      | Killed from afar by an orc wizard

Illustrated notes

Levels and vault maps discovered:
D:1:      dpeg_arrival_more_subterranean_lakeside_camping, layout_basic,
          minmay_statues_item, columned_hall_lemuel, grunt_decor_junction
D:2:      layout_loops_ring
D:3:      layout_loops_corners
D:5:      layout_rooms, serial_glass, glass_columns_b, glass_columns_c

Skill      XL: |  1  2  3  4 |
---------------+-------------+-----
Fire Magic     | 3 4 |  4.2
Spellcasting   | 3 |  3.9
Conjurations   | 2 |  2.7
Dodging        | |  1.7
Stealth        | |  1.7

Action                     |  1- 3 |  4- 6 || total
---------------------------+-------+-------++-------
  Melee: Unarmed           |    10 |    13 ||    23
   Cast: Foxfire           |    82 |    29 ||   111
         Scorch            |     7 |     5 ||    12
    Use: Scroll            |     2 |     5 ||     7
         Potion            |       |     4 ||     4
   Stab: Sleeping          |       |     1 ||     1
 Armour: Robe              |    25 |     9 ||    34
         Skin              |       |    85 ||    85
  Dodge: Dodged            |    60 |    33 ||    93
